IL
RENO ACES @ EL PASO CHIHUAHUAS
08/19/2045
 
TOP OF THE 1ST
Reno Aces batting - Pitching for El Paso Chihuahuas : RHP Sal Contreras
Pitching: RHP Sal Contreras
Batting: RHB Joe Smack 0-0: Ball
1-0: Ball
2-0: Called Strike
2-1: Foul Ball, location: 2F
2-2: Strikes out swinging
Batting: LHB Steve Reinhart 0-0: Foul Ball, location: 2F
0-1: Called Strike
0-2: Ball
1-2: Foul Ball, location: 2F
1-2: Fly out, F7 (Flyball, 78XD, EV 108.1 MPH)
Batting: RHB Andy Swaim 0-0: Ball
1-0: Foul Ball, location: 2F
1-1: Foul Ball, location: 2F
1-2: Strikes out looking
Top of the 1st over - 0 runs, 0 hits, 0 errors, 0 left on base; Reno 0 - El Paso 0
BOTTOM OF THE 1ST
El Paso Chihuahuas batting - Pitching for Reno Aces : LHP David Legg
Pitching: LHP David Legg
Batting: RHB Itsuo Yoshioka 0-0: Swinging Strike
0-1: Foul Ball, location: 2F
0-2: Ball
1-2: Foul Ball, location: 2F
1-2: Ground out U3 (Groundball, 34, EV 89.4 MPH)
Batting: RHB Rodolfo Rivera 0-0: Fly out, F4 (Popup, 3S, EV 77.5 MPH)
Batting: RHB Jeremy Lewis 0-0: Ball
1-0: SINGLE (Line Drive, 4D, EV 102.5 MPH)
Batting: RHB Terry Jarrells 0-0: Ball
1-0: Called Strike
Jeremy Lewis steals 2nd base
1-1: Foul Ball, location: 2F
1-2: Ground out 6-3 (Groundball, 56, EV 105.0 MPH)
Bottom of the 1st over - 0 runs, 1 hit, 0 errors, 1 left on base; Reno 0 - El Paso 0
TOP OF THE 2ND
Reno Aces batting - Pitching for El Paso Chihuahuas : RHP Sal Contreras
Batting: SHB Salvador Aragon 0-0: Called Strike
0-1: Called Strike
0-2: Foul Ball, location: 2F
0-2: Ball
1-2: SINGLE (Line Drive, 5D, EV 97.5 MPH)
Batting: LHB Jeff Densmore 0-0: Ball
1-0: Called Strike
1-1: Ball
2-1: Foul Ball, location: 2F
2-2: Strikes out swinging
Batting: LHB Chris Escobar 0-0: Ball
1-0: DOUBLE (Groundball, 5L, EV 106.2 MPH)
Salvador Aragon to third
Batting: RHB Scott Travis 0-0: Ball
1-0: 3-RUN HOME RUN (Flyball, 9D, EV 102.5 MPH), Distance : 386 ft
Batting: RHB Alex Vasquez 0-0: Ball
1-0: Swinging Strike
1-1: Ball
2-1: Swinging Strike
2-2: Ball
3-2: SINGLE (Groundball, 5S, EV 66.2 MPH) (infield hit)
Batting: RHB Tai Joo 0-0: Called Strike
0-1: Ball
1-1: Ball
2-1: Grounds into double play, 5-4-3 (Groundball, 5, EV 103.8 MPH)
Top of the 2nd over - 3 runs, 4 hits, 0 errors, 0 left on base; Reno 3 - El Paso 0
BOTTOM OF THE 2ND
El Paso Chihuahuas batting - Pitching for Reno Aces : LHP David Legg
Batting: RHB Juan Martinez 0-0: Ball
1-0: Ball
2-0: Foul Ball, location: 2F
2-1: Swinging Strike
2-2: Strikes out swinging
Batting: SHB Steve Killion 0-0: Ball
1-0: Called Strike
1-1: Swinging Strike
1-2: Foul Ball, location: 2F
1-2: Foul Ball, location: 2F
1-2: Foul Ball, location: 2F
1-2: SINGLE (Line Drive, 56, EV 103.8 MPH)
Batting: RHB Ryan Alban 0-0: Called Strike
0-1: Ball
1-1: Ball
2-1: Swinging Strike
2-2: Ball
3-2: Fielders Choice at 2nd, 6-4 (Groundball, 56, EV 87.5 MPH)
Batting: RHB Min-chin Yi 0-0: Called Strike
0-1: Fly out, F9 (Flyball, 9LM, EV 77.5 MPH)
Bottom of the 2nd over - 0 runs, 1 hit, 0 errors, 1 left on base; Reno 3 - El Paso 0
TOP OF THE 3RD
Reno Aces batting - Pitching for El Paso Chihuahuas : RHP Sal Contreras
Batting: RHB Joe Smack 0-0: Ball
1-0: SOLO HOME RUN (Line Drive, 7LD, EV 98.1 MPH), Distance : 371 ft
Batting: LHB Steve Reinhart 0-0: Foul Ball, location: 2F
0-1: Fly out, F8 (Flyball, 8RM, EV 88.8 MPH)
Batting: RHB Andy Swaim 0-0: Foul Ball, location: 2F
0-1: Ball
1-1: Called Strike
1-2: Ground out 5-3 (Groundball, 5L, EV 83.1 MPH)
Batting: SHB Salvador Aragon 0-0: Fly out, F8 (Line Drive, 8RM, EV 88.1 MPH)
Top of the 3rd over - 1 run, 1 hit, 0 errors, 0 left on base; Reno 4 - El Paso 0
BOTTOM OF THE 3RD
El Paso Chihuahuas batting - Pitching for Reno Aces : LHP David Legg
Batting: LHB Helmut Steggall 0-0: Ground out U3 (Groundball, 34, EV 86.2 MPH)
Batting: RHB Itsuo Yoshioka 0-0: Swinging Strike
0-1: Ball
1-1: Ball
2-1: Ball
3-1: Base on Balls
Batting: RHB Rodolfo Rivera 0-0: Ball
1-0: Ball
2-0: Ball
3-0: Base on Balls
Itsuo Yoshioka to second
Batting: RHB Jeremy Lewis 0-0: Ball
1-0: Foul Ball, location: 2F
1-1: Foul Ball, location: 2F
1-2: Foul Ball, location: 2F
1-2: Ball
2-2: Foul Ball, location: 2F
2-2: Strikes out looking
Batting: RHB Terry Jarrells 0-0: Called Strike
0-1: Ball
1-1: Called Strike
1-2: Ball
2-2: Ball
3-2: Foul Ball, location: 2F
3-2: Foul Ball, location: 2F
3-2: Base on Balls
Itsuo Yoshioka to third
Rodolfo Rivera to second
Batting: RHB Juan Martinez 0-0: Fly out, F9 (Flyball, 9S, EV 93.8 MPH)
Bottom of the 3rd over - 0 runs, 0 hits, 0 errors, 3 left on base; Reno 4 - El Paso 0
TOP OF THE 4TH
Reno Aces batting - Pitching for El Paso Chihuahuas : RHP Sal Contreras
Batting: LHB Jeff Densmore 0-0: Ball
1-0: Ball
2-0: Ground out 5-3 (Groundball, 56S, EV 66.2 MPH)
Batting: LHB Chris Escobar 0-0: Ball
1-0: Swinging Strike
1-1: Ball
2-1: Called Strike
2-2: Ball
3-2: Base on Balls
Batting: RHB Scott Travis 0-0: Ball
1-0: Called Strike
Chris Escobar steals 2nd base
1-1: Ball
2-1: Ball
3-1: Called Strike
3-2: Fly out, F9 (Flyball, 89XD, EV 93.1 MPH)
Runner from 2nd tags up, SAFE at 3rd, no throw by RF
Batting: RHB Alex Vasquez 0-0: Ball
1-0: Swinging Strike
1-1: Ball
2-1: Ball
3-1: Foul Ball, location: 2F
3-2: Ground out 5-3 (Groundball, 56, EV 79.4 MPH)
Top of the 4th over - 0 runs, 0 hits, 0 errors, 1 left on base; Reno 4 - El Paso 0
BOTTOM OF THE 4TH
El Paso Chihuahuas batting - Pitching for Reno Aces : LHP David Legg
Batting: SHB Steve Killion 0-0: Called Strike
0-1: Fly out, F9 (Flyball, 9S, EV 78.1 MPH)
Batting: RHB Ryan Alban 0-0: Fly out, F8 (Flyball, 8RD, EV 81.9 MPH)
Batting: RHB Min-chin Yi 0-0: Ball
1-0: Ball
2-0: Ball
3-0: Base on Balls
Batting: LHB Helmut Steggall 0-0: Ball
1-0: Ball
2-0: Ball
3-0: Called Strike
3-1: Base on Balls
Min-chin Yi to second
Batting: RHB Itsuo Yoshioka 0-0: Ball
1-0: Foul Ball, location: 2F
1-1: Ball
2-1: Ball
3-1: Base on Balls
Min-chin Yi to third
Helmut Steggall to second
Batting: RHB Rodolfo Rivera 0-0: Ball
1-0: Swinging Strike
1-1: Foul Ball, location: 2F
1-2: Strikes out swinging
Bottom of the 4th over - 0 runs, 0 hits, 0 errors, 3 left on base; Reno 4 - El Paso 0
TOP OF THE 5TH
Reno Aces batting - Pitching for El Paso Chihuahuas : RHP Sal Contreras
Batting: RHB Tai Joo 0-0: Ground out 6-3 (Groundball, 6, EV 95.0 MPH)
Batting: RHB Joe Smack 0-0: Ball
1-0: Ball
2-0: Called Strike
2-1: Foul Ball, location: 2F
2-2: Ball
3-2: Foul Ball, location: 2F
3-2: Ground out 6-3 (Groundball, 6, EV 84.4 MPH)
Batting: LHB Steve Reinhart 0-0: Called Strike
0-1: Ball
1-1: Ball
2-1: Ground out 5-3 (Groundball, 56, EV 106.9 MPH)
Top of the 5th over - 0 runs, 0 hits, 0 errors, 0 left on base; Reno 4 - El Paso 0
BOTTOM OF THE 5TH
El Paso Chihuahuas batting - Pitching for Reno Aces : LHP David Legg
Batting: RHB Jeremy Lewis 0-0: Ball
1-0: Called Strike
1-1: Ball
2-1: Swinging Strike
2-2: Strikes out swinging
Batting: RHB Terry Jarrells 0-0: SINGLE (Groundball, 6D, EV 98.8 MPH)
Batting: RHB Juan Martinez 0-0: Ball
1-0: Called Strike
1-1: Foul Ball, location: 2F
1-2: Ground out 6-3 (Groundball, 6S, EV 70.6 MPH)
Terry Jarrells to second
Batting: SHB Steve Killion 0-0: Ball
1-0: Swinging Strike
Passed Ball!
Terry Jarrells to third
1-1: Called Strike
1-2: Ball
2-2: Foul Ball, location: 2F
2-2: Foul Ball, location: 2F
2-2: Foul Ball, location: 2F
2-2: SINGLE (Groundball, 6MD, EV 96.9 MPH)
Terry Jarrells scores
Batting: RHB Ryan Alban 0-0: Foul Ball, location: 2F
0-1: Ball
Steve Killion steals 2nd base (no throw)
1-1: Foul Ball, location: 2F
1-2: Ball
2-2: Foul Ball, location: 2F
2-2: Ball
Wild Pitch!
Steve Killion to third
3-2: Base on Balls
Batting: RHB Min-chin Yi 0-0: Ball
1-0: Ball
2-0: Called Strike
2-1: Swinging Strike
2-2: Strikes out swinging
Bottom of the 5th over - 1 run, 2 hits, 0 errors, 2 left on base; Reno 4 - El Paso 1
TOP OF THE 6TH
Reno Aces batting - Pitching for El Paso Chihuahuas : RHP Sal Contreras
Batting: RHB Andy Swaim 0-0: Ball
1-0: Ball
2-0: Ball
3-0: Called Strike
3-1: Base on Balls
Batting: SHB Salvador Aragon 0-0: Ball
Andy Swaim steals 2nd base
1-0: Ball
2-0: Ball
3-0: Called Strike
3-1: Foul Ball, location: 2F
3-2: Strikes out swinging
Batting: LHB Jeff Densmore 0-0: Foul Ball, location: 2F
0-1: Ball
1-1: Called Strike
1-2: Strikes out looking
Pitching: RHP Victor Moreno
Batting: LHB Chris Escobar 0-0: Foul Ball, location: 2F
0-1: Ball
1-1: Ball
2-1: Called Strike
2-2: Fly out, F8 (Flyball, 8RXD, EV 101.2 MPH)
Top of the 6th over - 0 runs, 0 hits, 0 errors, 1 left on base; Reno 4 - El Paso 1
BOTTOM OF THE 6TH
El Paso Chihuahuas batting - Pitching for Reno Aces : LHP David Legg
Pitching: RHP Jarrod Kenny
Batting: LHB Helmut Steggall 0-0: Foul Ball, location: 2F
0-1: Called Strike
0-2: Ball
1-2: Strikes out swinging
Batting: RHB Itsuo Yoshioka 0-0: Ball
1-0: Ball
2-0: Ball
3-0: Called Strike
3-1: Base on Balls
Batting: RHB Rodolfo Rivera 0-0: Ball
1-0: Ball
2-0: Ball
3-0: Called Strike
3-1: Foul Ball, location: 2F
3-2: Ground out 6-3 (Groundball, 6, EV 76.2 MPH)
Itsuo Yoshioka to second
Batting: RHB Jeremy Lewis 0-0: Ball
1-0: Swinging Strike
1-1: Called Strike
1-2: Foul Ball, location: 2F
1-2: Foul Ball, location: 2F
1-2: Fly out, F7 (Flyball, 7D, EV 101.2 MPH)
Bottom of the 6th over - 0 runs, 0 hits, 0 errors, 1 left on base; Reno 4 - El Paso 1
TOP OF THE 7TH
Reno Aces batting - Pitching for El Paso Chihuahuas : RHP Victor Moreno
Batting: RHB Scott Travis 0-0: Ball
1-0: Foul Ball, location: 2F
1-1: Ball
2-1: Ball
3-1: Base on Balls
Batting: RHB Alex Vasquez 0-0: Called Strike
0-1: Grounds into double play, 4-6-3 (Groundball, 4, EV 88.1 MPH)
Batting: RHB Tai Joo 0-0: Ball
1-0: Swinging Strike
1-1: Called Strike
1-2: Ball
2-2: Strikes out swinging
Top of the 7th over - 0 runs, 0 hits, 0 errors, 0 left on base; Reno 4 - El Paso 1
BOTTOM OF THE 7TH
El Paso Chihuahuas batting - Pitching for Reno Aces : RHP Jarrod Kenny
Pitching: RHP Stanford Placard
Batting: RHB Terry Jarrells 0-0: Called Strike
0-1: Ball
1-1: Fly out, F8 (Flyball, 8LM, EV 93.8 MPH)
Batting: RHB Juan Martinez 0-0: Ball
1-0: Ground out 5-3 (Groundball, 5, EV 86.9 MPH)
Batting: SHB Steve Killion 0-0: Ball
1-0: Ground out 4-3 (Groundball, 34, EV 87.5 MPH)
Bottom of the 7th over - 0 runs, 0 hits, 0 errors, 0 left on base; Reno 4 - El Paso 1
TOP OF THE 8TH
Reno Aces batting - Pitching for El Paso Chihuahuas : RHP Victor Moreno
Batting: RHB Joe Smack 0-0: Called Strike
0-1: Ball
1-1: Ball
2-1: Ball
3-1: Called Strike
3-2: Base on Balls
Batting: LHB Steve Reinhart 0-0: Ball
Joe Smack steals 2nd base
1-0: Called Strike
1-1: Ball
2-1: Ground out 4-3 (Groundball, 34D, EV 100.6 MPH)
Joe Smack to third
Batting: RHB Andy Swaim 0-0: Ball
1-0: Swinging Strike
1-1: Foul Ball, location: 2F
1-2: Foul Ball, location: 2F
1-2: Strikes out swinging
Batting: SHB Salvador Aragon 0-0: Called Strike
0-1: Ball
1-1: Ball
2-1: Swinging Strike
2-2: Ball
3-2: Base on Balls
Pitching: LHP Chris Haugen
Batting: LHB Jeff Densmore 0-0: Ball
1-0: Foul Ball, location: 2F
1-1: Ball
2-1: Swinging Strike
2-2: Foul Ball, location: 2F
2-2: Foul Ball, location: 2F
2-2: Foul Ball, location: 2F
2-2: Ball
3-2: Fly out, F6 (Line Drive, 6, EV 61.9 MPH)
Top of the 8th over - 0 runs, 0 hits, 0 errors, 2 left on base; Reno 4 - El Paso 1
BOTTOM OF THE 8TH
El Paso Chihuahuas batting - Pitching for Reno Aces : RHP Stanford Placard
Batting: RHB Ryan Alban 0-0: Ball
1-0: Called Strike
1-1: Ball
2-1: Called Strike
2-2: Strikes out looking
Batting: RHB Min-chin Yi 0-0: Called Strike
0-1: Ball
1-1: Foul Ball, location: 2F
1-2: Ball
2-2: Ball
3-2: Fly out, F8 (Flyball, 78M, EV 90.0 MPH)
Batting: LHB Helmut Steggall 0-0: Called Strike
0-1: Swinging Strike
0-2: Strikes out looking
Bottom of the 8th over - 0 runs, 0 hits, 0 errors, 0 left on base; Reno 4 - El Paso 1
TOP OF THE 9TH
Reno Aces batting - Pitching for El Paso Chihuahuas : LHP Chris Haugen
Batting: LHB Chris Escobar 0-0: Ball
1-0: Called Strike
1-1: Called Strike
1-2: Strikes out looking
Pitching: RHP Eddie Starks
Batting: RHB Scott Travis 0-0: Foul Ball, location: 2F
0-1: Called Strike
0-2: Ball
1-2: Strikes out looking
Batting: RHB Alex Vasquez 0-0: Called Strike
0-1: Ball
1-1: Called Strike
1-2: Strikes out swinging, 2-3 out at first.
Top of the 9th over - 0 runs, 0 hits, 0 errors, 0 left on base; Reno 4 - El Paso 1
BOTTOM OF THE 9TH
El Paso Chihuahuas batting - Pitching for Reno Aces : RHP Stanford Placard
Pitching: RHP Nick Burcham
Batting: RHB Itsuo Yoshioka 0-0: Ground out U3 (Groundball, 3S, EV 82.5 MPH)
Batting: RHB Rodolfo Rivera 0-0: TRIPLE (Line Drive, 7D, EV 100.6 MPH)
Batting: RHB Jeremy Lewis 0-0: Ball
1-0: Called Strike
1-1: Ball
2-1: Foul Ball, location: 2F
2-2: Foul Ball, location: 2F
2-2: DOUBLE (Line Drive, 7LS, EV 105.6 MPH)
Rodolfo Rivera scores
Batting: RHB Terry Jarrells 0-0: Ball
1-0: Ground out 5-3 (Groundball, 56S, EV 82.5 MPH)
Pinch Hitting: LHB Luis Cruz 0-0: Ball
1-0: Ball
2-0: Called Strike
2-1: Foul Ball, location: 2F
2-2: Strikes out swinging
Bottom of the 9th over - 1 run, 2 hits, 0 errors, 1 left on base; Reno 4 - El Paso 2
Wednesday, June 22nd , 2022 - OOTP Baseball 23.4 Build 64